 Dungeon Crawl Stone Soup version 0.31-a0-521-gc7390f8997 (webtiles) character file.

Game seed: 9492121662317574654

250092 dinkyzotsplatter the Worldbinder (level 18, -12/116 HPs)
             Began as a Deep Elf Summoner on Aug 10, 2023.
             Was an Elder of Sif Muna.
             Mangled by a caustic shrike simulacrum (53 damage)
             ... on level 3 of the Depths on Aug 22, 2023.
             The game lasted 02:29:22 (17554 turns).

dinkyzotsplatter the Worldbinder (DESu)            Turns: 17554, Time: 02:29:23

Health: -12/116    AC: 12    Str: 10      XL:     18   Next: 40%
Magic:  24/42      EV: 15    Int: 33 (34) God:    Sif Muna [****..]
Gold:   1087       SH:  5    Dex: 11      Spells: 6/53 levels left

rFire   + + .        o - staff "Agyq" {rF+ Str+5 Dex-4 SInv Summ Fire}
rCold   . . .        Q - +0 buckler {AC+3}
rNeg    + + .        s - +1 robe of the Loofah {rN++ Will+ Dex-4}
rPois   +            W - +1 helmet {Int+3}
rElec   .            i - +1 cloak
rCorr   .            A - +0 pair of gloves
SInv    +            c - +0 pair of boots
Will    ++...        G - amulet of magic regeneration
Stlth   ++           v - ring of Pusk {Fly rF+ Int+2 Dex+4}
HPRegen 0.39/turn    C - ring of poison resistance
MPRegen 0.68/turn

%: no passive effects
@: forested, flying
A: no striking features
}: 3/15 runes: decaying, serpentine, slimy
a: Renounce Religion, Channel Magic, Forget Spell, Divine Exegesis


You were on level 3 of the Depths.
You worshipped Sif Muna.
Sif Muna was greatly pleased with you.
You visited 8 branches of the dungeon, and saw 39 of its levels.
You also visited: Sewer and Bailey.

You collected 3500 gold pieces.
You spent 2413 gold pieces at shops.

Inventory:

Hand Weapons
 V - a +5 dagger of venom
 Z - the +9 scimitar of Conformity {pain, rF++ Str-2 Stlth+}
   (You found it on level 9 of the Dungeon)

   Str-2:     It affects your strength (-2).
   rF++:      It greatly protects you from fire.
   Stlth+:    It makes you more stealthy.
Missiles
 l - 4 throwing nets
 u - 12 curare-tipped darts
Armour
 c - a +0 pair of boots (worn)
 i - a +1 cloak (worn)
 s - the +1 robe of the Loofah (worn) {rN++ Will+ Dex-4}
   (You found it on level 3 of the Dungeon)

   Dex-4:     It affects your dexterity (-4).
   rN++:      It greatly protects you from negative energy.
   Will+:     It increases your willpower.
 A - a +0 pair of gloves (worn)
 L - a +1 troll leather armour
 Q - a +0 buckler of protection (worn)
 W - a +1 helmet of intelligence (worn)
Magical Staves
 o - the staff "Agyq" (weapon) {rF+ Str+5 Dex-4 SInv Summ Fire}
   (You found it on level 5 of the Pits of Slime)

   [staff of fire]

   Base accuracy: +5 Base damage: 5 Base attack delay: 1.2 This weapon's minimum
   attack delay (0.6) is reached at skill level 12.
   Str+5:     It affects your strength (+5).
   Dex-4:     It affects your dexterity (-4).
   rF+:       It protects you from fire.
   SInv:      It lets you see invisible.
   Summ:      It increases the power of your Summonings spells.
   Fire:      It increases the power of your Fire spells.
   It falls into the 'Staves' category.
   It is a one-handed weapon.
Jewellery
 v - the ring of Pusk (left hand) {Fly rF+ Int+2 Dex+4}
   (You found it on level 10 of the Dungeon)

   [ring of flight]

   Int+2:     It affects your intelligence (+2).
   Dex+4:     It affects your dexterity (+4).
   rF+:       It protects you from fire.
   Fly:       It grants you flight.
 C - a ring of poison resistance (right hand)
 D - a +4 ring of protection
 G - an amulet of magic regeneration (around neck)
 K - a ring of protection from fire
 M - a ring of willpower
 N - a ring of see invisible
 P - a ring of resist corrosion
 R - a ring of magical power
 U - a ring of magical power
Wands
 g - a wand of roots (26)
 k - a wand of flame (37)
 y - a wand of mindburst (7)
 O - a wand of charming (24)
 S - a wand of light (15)
 X - a wand of digging (10)
Scrolls
 a - a scroll of butterflies
 e - 3 scrolls of revelation
 j - 6 scrolls of blinking
 p - 4 scrolls of vulnerability
 q - 6 scrolls of teleportation
 t - 2 scrolls of torment
 x - 5 scrolls of fear
 z - 4 scrolls of identify
 F - 3 scrolls of poison
 Y - 2 scrolls of fog
Potions
 b - 2 potions of invisibility
 d - 2 potions of resistance
 f - a potion of magic
 m - a potion of ambrosia
 n - 6 potions of brilliance
 r - 4 potions of mutation
 w - 2 potions of lignification
 B - 8 potions of curing
 E - 4 potions of might
 H - a potion of cancellation
 I - 3 potions of haste
 J - 3 potions of enlightenment
 T - 4 potions of attraction
Miscellaneous
 h - a lightning rod (4/4)


   Skills:
 + Level 13.7 Fighting
 - Level 10.1 Dodging
 - Level 2.7 Stealth
 - Level 5.0 Shields
 - Level 18.0 Spellcasting
 - Level 21.0 Summonings
 - Level 10.0 Translocations
 - Level 8.0 Air Magic
 - Level 13.0 Invocations


You had 6 spell levels left.
You knew the following spells:

 Your Spells              Type           Power      Damage    Failure   Level
a - Summon Forest         Summ/Tloc      57%        N/A       1%          5
c - Summon Lightning Spi  Summ/Air       100%       N/A       1%          4
d - Summon Mana Viper     Hex/Summ       99%        N/A       1%          5
e - Monstrous Menagerie   Summ           64%        N/A       1%          7
f - Malign Gateway        Summ/Tloc      57%        N/A       2%          7
g - Summon Horrible Thin  Summ           64%        N/A       1%          8
h - Summon Cactus Giant   Summ           64%        N/A       1%          6
A - Apportation           Tloc           100%       N/A       1%          1
B - Blink                 Tloc           100%       N/A       1%          2
P - Passwall              Tmut/Erth      24%        N/A       2%          2

Your spell library contained the following spells:

 Spells                   Type           Power      Damage    Failure   Level
 Summon Small Mammal      Summ           100%       N/A       0%          1
 Call Imp                 Summ           100%       N/A       0%          2
 Call Canine Familiar     Summ           100%       N/A       0%          3
 Foxfire                  Conj/Fire      100%       2x1d9     1%          1
 Kiss of Death            Conj/Necr      100%       2d13      1%          1
 Magic Dart               Conj           100%       1d8       1%          1
 Cigotuvi's Dreadful Rot  Necr/Pois/Air  94%        N/A       1%          2
 Static Discharge         Conj/Air       100%       2-7/arc   1%          2
 Gell's Gravitas          Tloc           77%        N/A       1%          3
 Summon Guardian Golem    Hex/Summ       99%        N/A       1%          3
 Swiftness                Air            70%        N/A       1%          3
 Vhi's Electric Charge    Tloc/Air       100%       N/A       1%          3
 Volatile Blastmotes      Fire/Tloc      100%       2d18      1%          3
 Animate Armour           Summ/Erth      100%       N/A       1%          4
 Passage of Golubria      Tloc           77%        N/A       1%          4
 Summon Ice Beast         Ice/Summ       99%        N/A       1%          4
 Ensorcelled Hibernation  Hex/Ice        58%        N/A       2%          2
 Searing Ray              Conj           58%        2d6       2%          2
 Sublimation of Blood     Necr           29%        N/A       2%          2
 Wereblood                Tmut           29%        N/A       2%          2
 Hailstorm                Conj/Ice       29%        3d8       5%          3
 Ignite Poison            Fire/Tmut/Pois 44%        N/A       5%          3
 Inner Flame              Hex/Fire       44%        N/A       5%          3
 Tukima's Dance           Hex            29%        N/A       5%          3
 Arcjolt                  Conj/Air       27%        1d37      10%         5
 Anguish                  Hex/Necr       14%        N/A       17%         4
 Animate Dead             Necr           29%        N/A       17%         4
 Dispel Undead            Necr           29%        3d13      17%         4
 Flame Wave               Conj/Fire      44%        2d11      17%         4
 Fulminant Prism          Conj/Hex       14%        3d9       17%         4
 Sticky Flame             Conj/Fire      44%        2d6       17%         4
 Freezing Cloud           Conj/Ice/Air   23%        6-21      17%         5
 Alistair's Intoxication  Tmut/Pois      19%        N/A       43%         5
 Borgnjor's Vile Clutch   Necr/Erth      14%        N/A       43%         5
 Fireball                 Conj/Fire      22%        3d10      43%         5
 Iskenderun's Battlesphe  Conj           29%        2d8       43%         5
 Yara's Violent Unravell  Hex/Tmut       14%        3d7       43%         5
 Conjure Ball Lightning   Conj/Air       27%        3x3d8     45%         6
 Death Channel            Necr           14%        N/A       95%         6
 Eringya's Noxious Bog    Tmut/Pois      14%        4d6       95%         6
 Leda's Unmaking          Conj/Erth      14%        9d3       95%         6
 Summon Hydra             Summ           64%        N/A       1%          7
 Haunt                    Necr/Summ      49%        N/A       21%         7
 Spellforged Servitor     Conj/Summ      49%        N/A       21%         7
 Dragon's Call            Summ           64%        N/A       32%         9
 Disjunction              Tloc           38%        N/A       88%         8
 Maxwell's Capacitive Co  Air            35%        ∞         99%         8
 Orb of Destruction       Conj           14%        9d7       100%        7
 Borgnjor's Revivificati  Necr           14%        N/A       100%        8
 Discord                  Hex            14%        N/A       100%        8
 Ignition                 Fire           22%        3d8       100%        8
 Chain Lightning          Conj/Air       27%        3d36      100%        9
 Death's Door             Necr           14%        N/A       100%        9
 Fire Storm               Conj/Fire      22%        8d6       100%        9
 Shatter                  Erth           14%        3d14*     100%        9


Dungeon Overview and Level Annotations

Branches:
Dungeon (15/15) Zot: 25812  Temple (1/1) D:6 Zot: 5987    Lair (5/5) D:9 Zot: 25320
  Swamp (4/4) Lair:3 Zot: 23522   Snake (4/4) Lair:3 Zot: 22814   Slime (5/5) Lair:5 Zot: 26229
    Orc (2/2) D:10 Zot: 11296  Vaults (0/5) D:13         Depths (3/4) D:15 Zot: 17437
  Sewer (visited)          Bailey (visited)
    Elf: Orc:2

Altars:
Ashenzari
Cheibriados
Dithmenos
Elyvilon
Fedhas
Gozag
Hepliaklqana
Kikubaaqudgha
Makhleb
Nemelex Xobeh
Okawaru
Qazlal
Ru
Sif Muna
Trog
Uskayaw
Vehumet
Wu Jian
Xom
Yredelemnul
Zin
The Shining One
Jiyva

Shops:
D:8 :   D:10 [   Orc:1 [   Orc:2 [:*:   Snake:3 (*

Portals:
Abyss: Depths:3
Trove: D:15 (give 4 scrolls of blinking)

Annotations:
D:1 exclusion: downstairs
D:3 1 runed translucent door, baller8008's ghost, amateur OpSh
D:5 Pikel
D:7 exclusion: downstairs
D:10 2 transporters
D:15 3 runed translucent doors, Bustrupp's ghost, journeyman DsMo
Snake:3 exclusion: downstairs
Snake:4 Roxanne
Slime:4 exclusion: upstairs
Orc:2 2 transporters, LobsterGuardian's ghost, journeyman HOMo
Depths:1 exclusion: downstairs
Depths:3 Sojobo


Message History

The tengu reaver gestures at you while chanting.
The bolt of acid hits your large abomination!!
The bolt of acid hits your large abomination!!!
The acid corrodes your large abomination!
The bolt of acid hits you!!
The soul eater draws from the surrounding life force!
Your large abomination misses the tengu reaver.
The spectral golden dragon bites your large abomination!!
The spectral golden dragon claws your large abomination!
Your large abomination is destroyed!
Your large abomination disappears in a puff of smoke!
Your sphinx hits the spectral golden dragon!
Your sphinx hits the spectral golden dragon but does no damage.
Your sphinx hits the spectral golden dragon.
Your large abomination hits the caustic shrike simulacrum!
The soul eater hits your sphinx!
Your sphinx dies!
Your sphinx's corpse disappears in a puff of smoke!
You feel less invigorated.
The caustic shrike simulacrum claws something.
The caustic shrike simulacrum freezes something!!!
Your large abomination hits the tengu reaver!!
Something claws your large abomination!
Your large abomination is destroyed!
Your large abomination disappears in a puff of smoke!
The tengu reaver points at you and mumbles some strange words.
The bolt of acid misses you.
Sojobo waves her feathered arms in wide circles.
The air twists around and strikes you!!
There is an open door here.
You see here a +0 chain mail.
Casting: Summon Horrible Things (dangerous; 1% risk of failure)
Confirm with . or Enter, or press ? or * to list all spells.
You feel a surge of power!
The caustic shrike simulacrum barely misses you.
The caustic shrike simulacrum completely misses you.
You swap places.
The caustic shrike simulacrum claws you!
The caustic shrike simulacrum freezes you!!!
You die...

≈≈≈≈≈≈≈≈≈≈≈≈≈≈≈♣♣♣
≈≈≈≈≈≈≈≈≈≈≈≈≈≈≈≈≈♣♣#
≈≈≈≈≈≈≈≈§≈≈≈≈≈Z≈≈≈≈#♣
~~~~..~Z∩§~≈≈≈3≈≈≈≈≈♣♣
........§§§~Q~Q≈≈≈≈≈≈♣
.....Q....§.§§#≈Z≈≈≈≈♣
...§.X####♣♣#♣♣♣♣#♣Q≈♣
......#.......#XXZX≈≈♣
......#.......♣X@♣♣≈≈♣
..#####.......♣♣♣#♣≈≈♣
Q,*,,,#.......#,>+≈≈≈♣
,**,,,#.V.....#,,*♣≈≈♣
,,+,,,'...∩...#***#≈≈#
.**,,,#.......#,,+≈≈≈#
..*,,,#.......#,>**≈≈#
..#####.......#****~~*
......#.......#,,+~~~*


You could see a tengu reaver, a caustic shrike simulacrum (ally target), a
friendly tentacled monstrosity (summoned) and 3 friendly large abominations.

Vanquished Creatures
  2 ogre magi (Orc:2)
  2 two-headed ogres (Orc:2)
  An elephant (Lair:2)
  A nameless horror (Lair:4)
  A meliai (D:15)
  A blink frog (Lair:2)
  A slime creature (Slime:5)
  A spriggan (shapeshifter) (D:9)
  4 yaks
  A human (D:7)
  A wyvern (Lair:3)
  2 water moccasins
  2 sky beasts
  2 ice beasts (D:9)
  4 wolves (Lair:2)
  8 ogres (Orc:2)
  A phantom (D:6)
  2 kobold brigands
  3 bullfrogs
  4 wights
  A killer bee (D:8)
  2 orc wizards
  An adder (D:3)
  A river rat (D:8)
  A white imp (D:7)
  A worm (D:6)
  2 orcs
  A ball python (D:2)
  3 endoplasms (D:1)
  A giant cockroach (D:6)
  A goblin (D:2)
  A hobgoblin (D:3)
  A jackal (Sewer)
  2 quokkas
  2 frilled lizards (D:3)
  3 kobolds
  2 rats
70 creatures vanquished.

Vanquished Creatures (collateral kills)
  the Royal Jelly (Slime:5)
  Saint Roka (Snake:3)
  18 acid blobs
  2 eldritch tentacles
  A sphinx (Depths:1)
  A thorn hunter (Swamp:4)
  Aizul (Snake:3)
  7 azure jellies
  A tengu reaver (Depths:3)
  A fire giant (Depths:2)
  3 nagarajas (Snake:4)
  5 rockslimes
  A spectral caustic shrike (Depths:3)
  A spectral juggernaut (Depths:3)
  4 very ugly things (Depths:2)
  A stone giant (Depths:2)
  4 quicksilver oozes (Slime:5)
  A vampire knight (Depths:3)
  6 formless jellyfish
  3 eleionomae
  A dire elephant (Swamp:4)
  3 bunyips
  A spectral titan (Depths:3)
  A deep elf death mage (Depths:3)
  2 ettins
  7 great orbs of eyes
  4 fire dragons
  2 spectral spriggans (Depths:3)
  5 salamander tyrants (Snake:4)
  2 ogre magi (Orc:2)
  A spectral tengu (Depths:3)
  18 hydras
  2 spriggan air magi
  6 catoblepae
  A spectral shadow dragon (Depths:3)
  A caustic shrike simulacrum (Depths:3)
  11 two-headed ogres
  6 centaur warriors
  7 anacondas
  3 boulder beetles
  11 naga warriors
  A deep troll shaman (Depths:3)
  5 alligators
  2 tengu warriors (Depths:1)
  13 death yaks
  2 shock serpents
  Nergalle (D:11)
  7 naga sharpshooters
  3 deep troll earth magi
  Sonja (D:12)
  3 iron trolls
  2 salamander mystics
  A skyshark (Lair:3)
  12 skeletal warriors
  A spectral spark wasp (Depths:3)
  5 naga ritualists
  6 deep trolls
  3 spriggan druids
  8 swamp dragons (Swamp:4)
  A bog body (Swamp:2)
  A wizard (D:14)
  A deep elf pyromancer (D:9)
  2 phantasmal warriors (Depths:3)
  4 orc knights
  A wolf spider (D:15)
  6 mana vipers
  5 shining eyes
  6 ugly things
  5 salamanders
  3 manticores
  3 cyclopes
  Maurice (D:11)
  4 naga magi
  20 elephants
  18 black mambas
  4 gargoyles
  5 rime drakes
  10 cane toads
  A cane toad (shapeshifter) (D:15)
  A torpor snail (Lair:5)
  A komodo dragon (shapeshifter) (D:9)
  10 komodo dragons
  An efreet (D:9)
  A spectral glowing shapeshifter (Depths:3)
  A freezing wraith (D:14)
  A tengu conjurer (D:14)
  A spectral human (Depths:3)
  A meliai (shapeshifter) (D:14)
  A polar bear (Lair:4)
  6 trolls
  2 meliai (D:15)
  5 tyrant leeches
  A wolf spider simulacrum (D:15)
  A tarantella (shapeshifter) (D:13)
  22 blink frogs
  A hornet (D:6)
  A dream sheep (Lair:4)
  32 slime creatures
  2 vampires
  2 wraiths
  3 shadows
  A centaur simulacrum (D:15)
  37 yaks
  2 water elementals
  A golden eye (shapeshifter) (D:13)
  2 steam dragons
  3 humans (D:7)
  19 vampire mosquitoes
  5 swamp worms
  29 nagas
  Duvessa (D:3)
  17 water moccasins
  10 swamp drakes
  A floating eye (Depths:2)
  11 orc warriors
  2 ice beasts (D:9)
  22 ogres
  A sky beast (D:6)
  4 centaurs
  19 wolves
  2 lemures
  3 phantoms
  8 kobold brigands
  5 bullfrogs
  A gnoll sergeant (D:3)
  3 scorpions
  17 wights
  Dowan (D:4)
  14 killer bees
  2 howler monkeys
  An electric eel (D:8)
  A jelly (D:5)
  3 hounds
  8 orc priests
  3 gnoll boudas
  Jessica (D:3)
  A sleepcap (D:7)
  3 iguanas
  16 orc wizards
  5 hell rats (Lair:2)
  Robin (D:2)
  12 gnolls
  4 adders
  2 river rats (D:6)
  6 nameless horrors
  A shadow imp (D:7)
  8 white imps
  An ufetubus (D:7)
  3 worms
  2 dart slugs (D:1)
  42 orcs
  6 endoplasms
  4 giant cockroaches
  8 goblins
  10 hobgoblins
  4 jackals
  17 kobolds
  5 quokkas
  A ball python (D:1)
  4 bats
  4 frilled lizards
  5 rats
867 creatures vanquished.

Vanquished Creatures (others)
  23 eldritch tentacles
  A bloated husk (Swamp:4)
  An orc warrior (Bailey)
  A hound (D:7)
  An orc (Snake:3)
  7 snaplasher vines
34 creatures vanquished.

Grand Total: 971 creatures vanquished

Notes
Turn   | Place    | Note
-------+----------+-------------------------------------------
     0 | D:1      | dinkyzotsplatter the Deep Elf Summoner began the quest for
                  | the Orb.
     0 | D:1      | Reached XP level 1. HP: 10/10 MP: 6/6
   164 | D:1      | Reached XP level 2. HP: 15/15 MP: 8/8
   281 | D:1      | Learned a level 2 spell: Call Imp
   506 | D:1      | Found a faded altar of an unknown god.
   612 | D:1      | Reached XP level 3. HP: 19/19 MP: 5/10
   839 | D:1      | Learned a level 3 spell: Call Canine Familiar
   944 | D:2      | Reached skill level 5 in Summonings
   967 | D:2      | Noticed Robin
  1064 | D:2      | Killed Robin
  1066 | D:2      | Reached XP level 4. HP: 22/24 MP: 4/12
  1427 | D:3      | Noticed a phantom
  1449 | D:3      | Killed a phantom
  1450 | D:3      | Reached skill level 1 in Fighting
  1450 | D:3      | Reached skill level 5 in Spellcasting
  1450 | D:3      | Reached XP level 5. HP: 29/29 MP: 9/14
  1565 | D:3      | Identified the +1 robe of the Loofah {rN++ Will+ Dex-4}
  1630 | D:3      | Reached skill level 6 in Summonings
  1631 | D:3      | Reached XP level 6. HP: 35/35 MP: 2/16
  1656 | D:3      | Noticed Jessica
  1682 | D:3      | Killed Jessica
  1761 | D:3      | Found a runed translucent door.
  1762 | D:3      | Noticed baller8008's ghost (amateur OpSh)
  1925 | D:3      | Found a white marble altar of Elyvilon.
  1931 | D:3      | Found a glowing golden altar of the Shining One.
  2356 | D:4      | Noticed Duvessa
  2386 | D:4      | Noticed Dowan
  2448 | D:4      | Killed Dowan
  2449 | D:4      | Reached XP level 7. HP: 40/40 MP: 12/18
  2494 | D:3      | Killed Duvessa
  2618 | D:4      | Reached skill level 7 in Summonings
  2735 | D:5      | Entered Level 5 of the Dungeon
  2910 | D:5      | Noticed Pikel
  3109 | D:5      | Reached XP level 8. HP: 42/48 MP: 16/21
  3157 | D:5      | Learned a level 4 spell: Summon Lightning Spire
  3181 | D:5      | Found a sacrificial altar of Ru.
  3349 | D:6      | Reached skill level 1 in Air Magic
  3362 | D:6      | Found a glowing drain.
  3421 | Sewer    | Entered a sewer
  3676 | D:6      | Noticed a hornet
  3695 | D:6      | Killed a hornet
  3696 | D:6      | Reached skill level 8 in Summonings
  3759 | D:6      | Found a staircase to the Ecumenical Temple.
  3764 | Temple   | Entered the Ecumenical Temple
  3770 | Temple   | Became a worshipper of Sif Muna the Loreminder
  3898 | D:7      | Reached XP level 9. HP: 52/52 MP: 17/23
  3971 | D:7      | Reached skill level 5 in Air Magic
  4042 | D:7      | Reached skill level 5 in Fighting
  4229 | D:7      | Reached * piety under Sif Muna
  4263 | D:7      | Reached skill level 9 in Summonings
  4297 | D:7      | Noticed a gargoyle
  4308 | D:7      | Noticed a troll
  4314 | D:7      | Killed a gargoyle
  4315 | D:7      | Reached skill level 10 in Spellcasting
  4319 | D:7      | Killed a troll
  4320 | D:7      | Reached XP level 10. HP: 47/60 MP: 2/26
  4323 | D:7      | Reached skill level 1 in Invocations
  4689 | D:8      | Reached ** piety under Sif Muna
  4822 | D:8      | Found a bloodstained altar of Trog.
  4835 | D:8      | Found a flagged portal.
  5000 | Bailey   | Entered a bailey
  5017 | Bailey   | Reached skill level 10 in Summonings
  5078 | Bailey   | Noticed an orc knight
  5108 | Bailey   | Killed an orc knight
  5169 | Bailey   | Found a burning altar of Makhleb.
  5275 | D:8      | Found Asahups's Book Boutique.
  5794 | D:8      | Bought a Grand Grimoire for 544 gold pieces
  6145 | D:9      | Reached *** piety under Sif Muna
  6150 | D:9      | Found a staircase to the Lair.
  6176 | D:9      | Reached XP level 11. HP: 48/67 MP: 19/28
  6280 | D:9      | Reached skill level 5 in Invocations
  6286 | D:9      | Identified the +9 scimitar of Conformity {pain, rF++ Str-2
                  | Stlth+}
  6338 | D:9      | Reached skill level 11 in Summonings
  6400 | D:9      | Got Okhlio's Total Understanding of Sorcery
  6405 | D:9      | Noticed a deep elf pyromancer
  6435 | D:9      | Killed a deep elf pyromancer
  6499 | D:9      | Identified the +2 sling "Mumocyc" {flame, rN+ rCorr Int-4}
  6510 | D:9      | Identified the +8 sling of Disarray {freeze, rC- Will++}
  6687 | D:9      | Learned a level 7 spell: Monstrous Menagerie
  6690 | D:9      | Learned a level 2 spell: Passwall
  6692 | D:9      | Learned a level 1 spell: Apportation
  6888 | D:10     | Entered Level 10 of the Dungeon
  6924 | D:10     | Found a transporter.
  6925 | D:10     | Noticed a two-headed ogre
  6956 | Lair:1   | Entered Level 1 of the Lair of Beasts
  6983 | Lair:1   | Noticed a death yak
  6986 | Lair:1   | Noticed a death yak
  7207 | Lair:2   | Reached **** piety under Sif Muna
  7330 | Lair:2   | Reached XP level 12. HP: 58/73 MP: 30/31
  7649 | Lair:2   | Reached skill level 12 in Summonings
  7871 | Lair:3   | Found a staircase to the Snake Pit.
  8018 | Lair:3   | Noticed a four-headed hydra
  8029 | Lair:3   | Killed a four-headed hydra
  8121 | Lair:3   | Noticed a catoblepas
  8130 | Lair:3   | Killed a catoblepas
  8326 | Lair:4   | Reached skill level 1 in Translocations
  8402 | Lair:4   | Reached skill level 13 in Summonings
  8479 | Lair:4   | Noticed a catoblepas
  8490 | Lair:4   | Killed a catoblepas
  8601 | Lair:4   | Reached skill level 5 in Translocations
  8601 | Lair:4   | Reached XP level 13. HP: 34/78 MP: 22/33
  8611 | Lair:4   | Learned a level 7 spell: Malign Gateway
  8843 | Lair:5   | Entered Level 5 of the Lair of Beasts
  8856 | Lair:5   | Reached skill level 14 in Summonings
  8863 | Lair:5   | Reached ***** piety under Sif Muna
  8881 | Lair:5   | Reached skill level 15 in Summonings
  8904 | Lair:5   | Learned a level 8 spell: Summon Horrible Things
  8941 | Lair:5   | Received a gift from Sif Muna
  9026 | Lair:5   | Found a staircase to the Slime Pits.
  9349 | Lair:5   | Reached skill level 10 in Translocations
  9405 | Lair:5   | Reached XP level 14. HP: 84/84 MP: 16/34
  9424 | Lair:5   | Reached skill level 16 in Summonings
  9956 | Lair:1   | Reached skill level 17 in Summonings
 10175 | D:10     | Received a gift from Sif Muna
 10176 | D:10     | Got Asmodeus's Grimoire of Command {god gift}
 10196 | D:10     | Learned a level 6 spell: Summon Cactus Giant
 10217 | D:10     | Found a staircase to the Orcish Mines.
 10264 | Orc:1    | Entered Level 1 of the Orcish Mines
 10372 | Orc:2    | Entered Level 2 of the Orcish Mines
 10388 | Orc:1    | Found Ydduavy's Antique Armour Shoppe.
 10388 | Orc:1    | Found a burning altar of Makhleb.
 10396 | Orc:1    | Bought a shiny orb for 276 gold pieces
 10644 | Orc:2    | Noticed LobsterGuardian's ghost (journeyman HOMo)
 10646 | Orc:2    | Found a transporter.
 10675 | Orc:2    | Reached skill level 15 in Spellcasting
 10694 | Orc:2    | Reached skill level 18 in Summonings
 10768 | Orc:2    | Found Jaserefi's Book Emporium.
 10768 | Orc:2    | Found Femot's Assorted Antiques.
 10769 | Orc:2    | Found Ulapn's Book Boutique.
 10769 | Orc:2    | Found Baeg's Armour Shoppe.
 10782 | Orc:2    | Bought a book of the Wilderness for 418 gold pieces
 10783 | Orc:2    | Bought a silvery potion for 36 gold pieces
 10783 | Orc:2    | Bought a potion of brilliance for 160 gold pieces
 10783 | Orc:2    | Bought a scroll of identify for 80 gold pieces
 10783 | Orc:2    | Bought a scroll labelled RUIMOCLI WACAUW for 40 gold pieces
 10783 | Orc:2    | Bought a twisted copper wand for 160 gold pieces
 10792 | Orc:2    | Learned a level 5 spell: Summon Mana Viper
 10905 | Orc:2    | Found a transporter.
 11004 | D:10     | Found Odiymoick's Antique Armour Shoppe.
 11012 | D:10     | Bought an embroidered robe for 144 gold pieces
 11145 | D:10     | Found a transporter.
 11333 | D:10     | Identified the ring of Pusk {Fly rF+ Int+2 Dex+4}
 11460 | D:11     | Noticed Nergalle
 11467 | D:11     | Killed Nergalle
 11672 | D:11     | Reached skill level 19 in Summonings
 11674 | D:11     | Received a gift from Sif Muna
 11675 | D:11     | Got Sif Muna's Grimoire of Summoned Transposition {god
                  | gift}
 11697 | D:11     | Noticed Maurice
 11705 | D:11     | Killed Maurice
 11891 | D:12     | Noticed Sonja
 11901 | D:12     | Killed Sonja
 11912 | D:12     | Reached XP level 15. HP: 67/88 MP: 24/36
 12398 | D:13     | Found a gate to the Vaults.
 12660 | D:14     | Reached skill level 20 in Summonings
 12756 | D:14     | Learned a level 2 spell: Blink
 12933 | D:15     | Entered Level 15 of the Dungeon
 13088 | D:14     | Reached skill level 1 in Shields
 13151 | D:15     | Found a portal to a secret trove of treasure.
 13195 | D:15     | Found a runed translucent gate.
 13195 | D:15     | Found a runed translucent gate.
 13195 | D:15     | Found a runed translucent gate.
 13195 | D:15     | Noticed an acid blob
 13196 | D:15     | Noticed an azure jelly
 13196 | D:15     | Noticed Bustrupp's ghost (journeyman DsMo)
 13196 | D:15     | Noticed a rockslime
 13302 | D:15     | Found a staircase to the Depths.
 13454 | D:15     | Received a gift from Sif Muna
 13471 | D:15     | Reached skill level 5 in Shields
 13519 | D:15     | Reached skill level 5 in Dodging
 13942 | Lair:3   | Found a staircase to the Swamp.
 13956 | Swamp:1  | Entered Level 1 of the Swamp
 14206 | Swamp:4  | Entered Level 4 of the Swamp
 14298 | Swamp:4  | Reached XP level 16. HP: 92/93 MP: 22/37
 14324 | Swamp:4  | Noticed a thorn hunter
 14333 | Swamp:4  | Killed a thorn hunter
 14338 | Swamp:4  | Reached skill level 21 in Summonings
 14363 | Swamp:4  | Got a decaying rune of Zot
 14452 | Lair:3   | Learned a level 5 spell: Summon Forest
 14453 | Snake:1  | Entered Level 1 of the Snake Pit
 14478 | Snake:1  | Reached skill level 10 in Invocations
 14595 | Snake:2  | You are sucked into a shaft and drop 1 floor!
 14709 | Snake:3  | Found Maqekip's Antique Weapon Shop.
 14710 | Snake:3  | Noticed Aizul
 14716 | Snake:3  | Killed Aizul
 14727 | Snake:3  | Found Hacweet's Assorted Antiques.
 14733 | Snake:3  | Bought a potion of resistance for 370 gold pieces
 14733 | Snake:3  | Bought a scroll of identify for 74 gold pieces
 14733 | Snake:3  | Bought a scroll of teleportation for 111 gold pieces
 14764 | Snake:4  | Entered Level 4 of the Snake Pit
 14766 | Snake:4  | Noticed Roxanne
 14817 | Snake:3  | Noticed Saint Roka
 14897 | Snake:3  | Received a gift from Sif Muna
 14901 | Snake:3  | Got Sif Muna's Volume of the Arenous Salvo {god gift}
 15038 | Snake:3  | Killed Saint Roka
 15401 | Snake:4  | Reached XP level 17. HP: 99/100 MP: 33/40
 15501 | Snake:4  | Got a serpentine rune of Zot
 15739 | Slime:1  | Entered Level 1 of the Pits of Slime
 15783 | Slime:2  | Noticed an acid blob
 15786 | Slime:2  | Noticed an acid blob
 15790 | Slime:2  | Killed an acid blob
 15791 | Slime:2  | Killed an acid blob
 15807 | Slime:3  | Noticed an acid blob
 15813 | Slime:3  | Killed an acid blob
 15830 | Slime:4  | Reached skill level 10 in Fighting
 15848 | Slime:5  | Entered Level 5 of the Pits of Slime
 15882 | Slime:5  | Noticed an acid blob
 15889 | Slime:5  | Killed an acid blob
 15943 | Slime:4  | Reached skill level 10 in Dodging
 15975 | Slime:3  | Noticed an acid blob
 15975 | Slime:3  | Noticed an acid blob
 16156 | Slime:5  | Noticed an acid blob
 16161 | Slime:5  | Noticed an acid blob
 16169 | Slime:5  | Killed an acid blob
 16172 | Slime:5  | Killed an acid blob
 16174 | Slime:5  | Noticed an acid blob
 16176 | Slime:5  | Killed an acid blob
 16187 | Slime:5  | Found a viscous altar of Jiyva.
 16187 | Slime:5  | Found the +8 autumn katana {manifold assault}
 16191 | Slime:5  | Noticed an acid blob
 16193 | Slime:5  | Noticed an acid blob
 16193 | Slime:5  | Noticed the Royal Jelly
 16206 | Slime:5  | Noticed an acid blob
 16209 | Slime:5  | Killed an acid blob
 16211 | Slime:5  | Killed an acid blob
 16222 | Slime:5  | Killed an acid blob
 16223 | Slime:5  | Received a gift from Sif Muna
 16328 | Slime:5  | Noticed an acid blob
 16328 | Slime:5  | Noticed an acid blob
 16329 | Slime:5  | Noticed an acid blob
 16331 | Slime:5  | Killed an acid blob
 16337 | Slime:5  | Killed an acid blob
 16346 | Slime:5  | Killed an acid blob
 16348 | Slime:5  | Noticed an acid blob
 16353 | Slime:5  | Noticed an acid blob
 16357 | Slime:5  | Killed an acid blob
 16358 | Slime:5  | Killed an acid blob
 16367 | Slime:5  | Noticed an acid blob
 16368 | Slime:5  | Noticed an acid blob
 16370 | Slime:5  | Noticed an acid blob
 16372 | Slime:5  | Killed an acid blob
 16374 | Slime:5  | Killed an acid blob
 16378 | Slime:5  | Killed an acid blob
 16381 | Slime:5  | Killed the Royal Jelly
 16391 | Slime:5  | Got a slimy rune of Zot
 16403 | Slime:5  | Identified the staff "Agyq" {rF+ Str+5 Dex-4 SInv Summ
                  | Fire}
 16431 | Slime:5  | Got the Almanac of Vexing Arcane Weapons
 16459 | Slime:5  | Identified the +6 mace of the Amorous God {vamp, Str+5}
 16496 | Slime:5  | Identified the +4 scale mail of the Morning Star {rF++ rC-}
 16519 | Slime:5  | Identified the +10 mace of Quhangir {flame, *Slow rElec
                  | rC+++ Int-2}
 16992 | Depths:1 | Entered Level 1 of the Depths
 17010 | Depths:2 | Reached XP level 18. HP: 112/112 MP: 17/42
 17013 | Depths:2 | Found a broken altar of Ashenzari.
 17124 | Depths:2 | Paralysed by a floating eye for 4 turns
 17189 | Depths:3 | Noticed a juggernaut
 17202 | Depths:3 | Noticed Sojobo
 17209 | Depths:3 | Found a one-way gate to the infinite horrors of the Abyss.
 17554 | Depths:3 | Mangled by a caustic shrike simulacrum

Illustrated notes

Levels and vault maps discovered:
D:1:      nicolae_arrival_escape_room, layout_loops_corners,
          ebering_ecumenical_altar_mist, minmay_misc_feat_hallway
D:2:      layout_rooms, uniq_crazy_yiuf_cottage, uniq_robin
D:3:      layout_loops_ring, amethyst_overflow_temple_binary,
          gammafunk_ghost_grave, uniq_jessica
D:4:      layout_basic, uniq_duvessa
D:5:      layout_cave_pools, old_standard_altar, kennysheep_generic_room_12,
          uniq_pikel
D:6:      layout_loops_ring, minmay_temple_entry_trees, portal_sewer_entry_a
D:7:      cheibrodos_fzero, layout_basic, minmay_ruffians
D:8:      layout_basic, lemuel_tele_altar, enter_bailey_8,
          minmay_misc_feat_enclosed, nicolae_inconvenience_store
D:9:      minmay_cut_squares, layout_cave_pods, hellmonk_lair_entry_icy
D:10:     gammafunk_beogh_shrine, layout_gridville, erik_orc_4, serial_shops,
          shop
D:11:     layout_irregular_city, portal_ice_cave_entry_imps, uniq_maurice,
          uniq_nergalle
D:12:     layout_rooms, grunt_decor_junction, uniq_sonja
D:13:     layout_roguey, david_vaults_4, minmay_misc_feat_chi
D:14:     layout_roguey, nicolae_lava_and_water
D:15:     hellmonk_depths_entry_around_the_bend, layout_long_grid,
          serial_rivers, chequers_serial_rivers_micro_a,
          chequers_serial_rivers_micro_a, chequers_serial_rivers_small_b,
          chequers_serial_rivers_micro_d, chequers_serial_rivers_room_a,
          chequers_serial_rivers_small_a, enter_trove_1, gammafunk_ghost_ooze
Temple:   dpeg_three_leaves_temple
Lair:1:   layout_loops_ring, grunt_megastairs_5, serial_bayou_shore_a,
          serial_bayou_shore_b
Lair:2:   layout_layer_cave, pdpol_lair_cavern_descent, grunt_megastairs_4
Lair:3:   layout_cave_pods, minmay_swamp_entry_worms,
          minmay_snake_entry_guardpost_small
Lair:4:   layout_regular_city, serial_bayou_lagoon_a, dreamdust_gnoll_shepherd
Lair:5:   evilmike_catoblepas_cave, layout_layer_cave, dpeg_slime_entry_corner,
          minivault_19, grunt_forest_small_clearing_treed, grunt_megastairs_1
Swamp:1:  nicolae_swamp_standing_stones, layout_falls_marsh,
          nicolae_swamp_trees_clearing, nicolae_swamp_spriggan_camp
Swamp:2:  layout_basic_swamp, evilmike_swamp_ruin_house_4, swamp_pool3
Swamp:3:  layout_basic_swamp, evilmike_swamp_ruin_house_1
Swamp:4:  swamp, layout_basic_swamp, swamp_pool1, beargit_elvish_explorers
Snake:1:  layout_onion
Snake:2:  layout_cave_shapes, lemuel_fruit_tree
Snake:3:  layout_basic, ebering_ghost_disaster_area, nicolae_snake_lava_pool,
          minmay_shoptagon, uniq_aizul, uniq_saint_roka
Snake:4:  minmay_snake_end_coiled, layout_cave_town, drop_trap,
          nicolae_snake_biting_tails, uniq_roxanne
Slime:1:  layout_caves
Slime:2:  layout_caves
Slime:3:  layout_caves
Slime:4:  layout_caves
Slime:5:  slime_pit_nicolae_amoeboid
Orc:1:    layout_caves, serial_shops, shop, bloody_makhleb
Orc:2:    st_orc_ogre_mass, layout_diamond_mine, gammafunk_ghost_smash
Depths:1: layout_long_grid, hellmouth_1, nicolae_uskayaw_dance_hall
Depths:2: little_maze_vault, layout_gridville,
          nicolae_abyss_entry_one_way_or_another, hangedman_coc_ice_floe,
          ashenzari_altar_1, rand_demon_pan_entry_7,
          wad_floor_pattern_untrapped, infiniplex_staircase_zigzag_5
Depths:3: lemuel_river_lethe, abyss_entry, hell_entry, uniq_sojobo,
          uniq_josephina

Skill      XL: |  1  2  3  4  5  6  7  8  9 10 11 12 13 14 15 16 17 18 |
---------------+-------------------------------------------------------+-----
Spellcasting   | 4 5 6 7 8 10 11 13 14 15 17 18 | 18.0
Summonings     | 5 6 7 8 9 10 11 13 15 19 20 21 | 21.0
Fighting       | 1 2 3 4 5 7 8 9 12 13 | 13.7
Air Magic      | 4 6 7 8 |  8.0
Invocations    | 4 6 8 9 11 13 | 13.0
Dodging        | 4 6 8 10 | 10.1
Translocations | 5 10 | 10.0
Shields        | 5 |  5.0
Stealth        | |  2.7

Action                     |  1- 3 |  4- 6 |  7- 9 | 10-12 | 13-15 | 16-18 || total
---------------------------+-------+-------+-------+-------+-------+-------++-------
  Melee: Unarmed           |     3 |       |       |       |       |       ||     3
         Dagger            |    14 |       |       |       |       |       ||    14
         Punch             |     1 |       |       |     1 |       |       ||     2
         Flail             |       |    47 |    64 |       |       |       ||   111
         Trident           |       |       |    18 |   118 |    73 |    46 ||   255
  Throw: Dart              |       |       |       |     1 |       |       ||     1
   Cast: Summon Small Mamm |    24 |     4 |    19 |    22 |       |       ||    69
         Call Imp          |    14 |    19 |    29 |    35 |       |       ||    97
         Call Canine Famil |     2 |    19 |    42 |    64 |    17 |       ||   144
         Summon Lightning  |       |       |    12 |    77 |    26 |     6 ||   121
         Monstrous Menager |       |       |       |    16 |   120 |    68 ||   204
         Malign Gateway    |       |       |       |       |    16 |    10 ||    26
         Passwall          |       |       |       |       |    10 |     2 ||    12
         Summon Horrible T |       |       |       |       |    35 |    61 ||    96
         Summon Cactus Gia |       |       |       |       |    21 |     6 ||    27
         Summon Mana Viper |       |       |       |       |     8 |     5 ||    13
         Apportation       |       |       |       |       |     3 |    37 ||    40
         Blink             |       |       |       |       |     1 |       ||     1
         Summon Forest     |       |       |       |       |       |    18 ||    18
         Dragon's Call     |       |       |       |       |       |     3 ||     3
         Death's Door      |       |       |       |       |       |     1 ||     1
 Invoke: Channel Magic     |       |       |       |     2 |     6 |    10 ||    18
         Forget Spell      |       |       |       |       |     1 |     1 ||     2
         Divine Exegesis   |       |       |       |       |       |     4 ||     4
  Evoke: Wand              |       |     2 |     1 |    13 |       |     2 ||    18
         Lightning rod     |       |       |       |     6 |     2 |       ||     8
    Use: Scroll            |       |     3 |     6 |    10 |    13 |     7 ||    39
         Potion            |       |       |     2 |     7 |     1 |     2 ||    12
   Stab: Sleeping          |     2 |     4 |     1 |     1 |       |       ||     8
         Distracted        |       |     1 |       |     1 |     2 |     2 ||     6
         Confused          |       |       |       |     1 |       |     1 ||     2
         Betrayed ally     |       |       |       |       |     1 |       ||     1
         Paralysed         |       |       |       |       |       |     1 ||     1
 Armour: Robe              |    11 |    30 |    67 |    64 |    36 |    33 ||   241
  Dodge: Dodged            |    30 |    35 |    76 |   187 |   106 |    57 ||   491
  Block: Other             |       |       |       |    48 |    26 |       ||    74
         Reflection        |       |       |       |     1 |       |       ||     1
         Buckler           |       |       |       |       |     4 |    17 ||    21

Table legend: (Time is in decaauts)
 A = Elapsed time spent in this place.
 B = Non-inter-level travel time spent in this place.
 C = Inter-level travel time spent in this place.
 D = Time resting spent in this place.
 E = Time spent auto-exploring this place.
 F = Levels seen in this place.
 G = Mean time per level.
                   A        B        C        D        E       F      G
               +--------+--------+--------+--------+--------+-----+--------+
         Total |  17721 |  14881 |   2840 |   1023 |      8 |  41 |  432.2 |
       Dungeon |   9996 |   8085 |   1911 |    346 |      8 |  15 |  666.4 |
        Temple |     12 |     12 |      0 |      0 |      0 |   1 |   12.0 |
          Lair |   3574 |   2762 |    812 |     90 |      0 |   5 |  714.8 |
         Swamp |    478 |    473 |      5 |    117 |      0 |   4 |  119.5 |
     Snake Pit |   1185 |   1158 |     27 |    221 |      0 |   4 |  296.2 |
    Slime Pits |    884 |    884 |      0 |     42 |      0 |   5 |  176.8 |
  Orcish Mines |    703 |    619 |     84 |      0 |      0 |   2 |  351.5 |
        Depths |    561 |    561 |      0 |    207 |      0 |   3 |  187.0 |
         Sewer |    124 |    124 |      0 |      0 |      0 |   1 |  124.0 |
        Bailey |    200 |    200 |      0 |      0 |      0 |   1 |  200.0 |
               +--------+--------+--------+--------+--------+-----+--------+

Top non-repeatable levels by time:
     D:8: 1232 daAuts
     D:1: 965 daAuts
  Lair:5: 931 daAuts
     D:9: 892 daAuts
  Lair:2: 857 daAuts
     D:7: 851 daAuts
     D:3: 760 daAuts
     D:4: 751 daAuts
  Lair:3: 712 daAuts
    D:14: 673 daAuts
  Lair:4: 634 daAuts
    D:15: 626 daAuts
    D:10: 621 daAuts
 Slime:5: 581 daAuts
 Snake:3: 519 daAuts
